Map: Incorporeal LE

Players

umomneedslap - Winner!

  • Race: Terran Terran
  • League: Diamond
  • Spawn Location: 11:00

LigerMaNN

  • Race: Zerg Zerg
  • League: Diamond
  • Spawn Location: 5:00

VOD

Have the link to the VOD?

Description

Time

  • Played on: June 30, 2025, 11:29 p.m.
  • Length: 16:02
Show
View Real Time Build Order
Export as new Build Order

umomneedslap Terran - Winner!

Build Orders: Reaper Expand 

Get SALT Encoding   

  12  0:00  SCV  
  13  0:12  SCV  
  14  0:17  Supply Depot  
  14  0:24  SCV  
  15  0:39  SCV  
  15  0:40  Barracks  
  16  0:46  Refinery  
  16  0:53  SCV  
  17  1:05  SCV  
  18  1:17  SCV  
  19  1:30  Reaper  
  19  1:31  Orbital Command  
  20  1:41  Command Center  
  20  1:55  Barracks  
  20  1:58  SCV  
  21  2:04  Supply Depot  
  21  2:06  Barracks Reactor  
  21  2:13  SCV  
  22  2:18  Refinery  
  22  2:26  SCV  
  22  2:27  Factory  
  23  2:38  SCV  
  23  2:43  Marine x2, Barracks Tech Lab  
  26  2:50  SCV  
  27  2:54  Orbital Command  
  27  3:02  SCV  
  27  3:03  Marine x3  
  31  3:12  Stimpack  
  31  3:14  SCV  
  32  3:22  Marine x3  
  32  3:26  SCV  
  36  3:27  SCV  
  36  3:32  Starport  
  37  3:38  SCV  
  37  3:39  SCV  
  39  3:44  Supply Depot  
  39  3:46  Marine  
  39  3:47  Supply Depot  
  39  3:50  Marine x2, SCV  
  39  3:54  SCV  
  44  4:02  SCV  
  44  4:03  Factory Reactor  
  44  4:06  SCV  
  46  4:14  SCV  
  46  4:17  Marine x3  
  46  4:24  SCV  
  50  4:28  Command Center  
  50  4:30  SCV  
  51  4:36  Marine x3, SCV  
  55  4:47  SCV  
  55  4:51  Medivac x2  
  60  4:54  Marine x2  
  60  4:58  Engineering Bay  
  60  4:59  Engineering Bay, Factory Tech Lab  
  62  5:00  Barracks  
  62  5:13  Marine, SCV x2  
  65  5:16  Marine x2  
  65  5:20  Siege Tank  
  70  5:26  Terran Infantry Armor Level 1, Terran Infantry Weapons Level 1  
  70  5:29  Refinery  
  70  5:30  Refinery  
  70  5:31  Supply Depot  
  70  5:39  Marine x3, SCV x2  
  70  5:42  Orbital Command  
  75  5:45  Starport Reactor  
  75  5:51  SCV x2  
  75  5:54  Siege Tank  
  80  6:03  SCV  
  81  6:10  Marine x3  
  81  6:11  Marine  
  66  6:13  SCV  
  66  6:14  Orbital Command  
  66  6:15  SCV  
  66  6:17  Supply Depot, Marine  
  69  6:21  Barracks  
  69  6:23  Barracks  
  69  6:25  SCV  
  70  6:28  Marine, Siege Tank, SCV  
  70  6:29  Medivac x2  
  70  6:31  Marine x2  
  81  6:36  Marine x2  
  81  6:37  SCV  
  81  6:38  Supply Depot  
  84  6:41  SCV  
  84  6:44  Supply Depot, SCV  
  86  6:47  Marine  
  86  6:49  Marine, SCV  
  86  6:51  Marine  
  86  6:53  SCV  
  91  6:54  Marine  
  91  6:59  Marine  
  91  7:00  SCV  
  94  7:01  SCV  
  94  7:05  Siege Tank  
  94  7:06  Missile Turret, SCV  
  94  7:08  Missile Turret  
  99  7:11  Missile Turret, Marine  
  99  7:13  Marine x3  
  99  7:14  Barracks Reactor  
  103  7:18  SCV  
  103  7:21  Barracks Reactor  
  103  7:22  Combat Shield  
  104  7:25  SCV  
  104  7:26  Marine  
  104  7:29  Marine  
  107  7:30  Marine  
  107  7:35  Missile Turret, Supply Depot  
  108  7:37  Supply Depot, Marine x2  
  108  7:39  SCV x3  
  108  7:44  Marine  
  113  7:45  Armory  
  113  7:47  Marine  
  115  7:51  SCV  
  117  7:58  SCV x2  
  117  8:01  Marine x3  
  117  8:02  Marine x5  
  117  8:03  SCV  
  117  8:05  Marine  
  121  8:19  Marine x7  
  88  8:30  SCV x3  
  88  8:33  Marine x2  
  88  8:34  Siege Tank  
  92  8:37  Marine  
  93  8:46  Marine x3  
  93  8:47  Marine x3  
  99  8:48  SCV x2  
  99  8:50  Marine  
  99  8:51  Marine  
  99  8:55  Marine  
  105  9:02  SCV  
  105  9:03  SCV  
  105  9:04  Marine x4  
  105  9:05  Marine  
  105  9:07  Marine  
  105  9:08  Marine x2, Siege Tank  
  117  9:12  SCV  
  118  9:21  Marine, Medivac  
  118  9:22  Marine, Medivac  
  124  9:30  SCV x2  
  126  9:34  SCV  
  126  9:38  Terran Infantry Armor Level 2, Terran Infantry Weapons Level 2  
  127  9:42  SCV x2  
  129  9:46  Marine x4  
  129  9:51  Supply Depot, Marine x3  
  129  9:52  Siege Tank, Medivac  
  141  9:54  Supply Depot  
  141  10:09  Marine x3  
  141  10:10  Marine x2  
  141  10:11  SCV  
  141  10:12  Marine x4, SCV  
  145  10:19  SCV  
  128  10:23  SCV  
  128  10:27  Orbital Command  
  122  10:35  Marine x2  
  114  10:36  Marine x7  
  119  10:48  SCV x2  
  121  10:53  Marine x5  
  121  10:54  Siege Tank  
  121  10:55  SCV  
  130  11:00  SCV  
  130  11:01  SCV  
  132  11:07  Supply Depot  
  132  11:13  SCV  
  132  11:16  Supply Depot  
  132  11:18  Supply Depot  
  133  11:28  Marine x6  
  133  11:29  SCV x2  
  141  11:38  Marine x3, Siege Tank, SCV  
  148  11:41  SCV  
  148  11:56  Marine x3  
  148  11:57  Marine x3  
  148  11:58  Marine x2  
  149  12:07  Marine  
  127  12:14  Marine x6  
  133  12:15  Marine x2  
  133  12:17  Siege Tank  
  136  12:25  Marine  
  132  12:31  Terran Infantry Armor Level 3, Terran Infantry Weapons Level 3  
  132  12:32  Marine x6  
  132  12:33  Marine x2  
  140  12:43  Marine  
  141  12:45  Barracks x2  
  141  12:49  Barracks, Marine  
  141  12:50  Marine x3  
  148  12:51  Siege Tank  
  132  13:13  Marine  
  132  13:14  Marine x3  
  132  13:18  Marine x2  
  132  13:19  Marine x3  
  124  13:20  Medivac x2  
  126  13:31  Marine  
  126  13:32  Marine x3  
  126  13:34  Marine x2  
  125  13:36  Marine x2  
  125  13:38  Marine  
  125  13:39  Marauder, Marine x2  
  125  13:40  Siege Tank  
  137  13:49  Marine  
  137  13:50  Marine x2  
  137  13:51  SCV x3  
  143  13:57  Medivac x2  
  147  14:03  Reaper  
  148  14:11  Marauder  
  148  14:15  Siege Tank  
  150  14:19  Marine x2  
  150  14:20  Marine  
  149  14:24  Marine x4  
  149  14:25  Marine x3  
  153  14:34  Marine  
  153  14:37  Marine  
  157  14:40  Marine  
  157  14:41  Marine  
  157  14:45  Marine  
  157  14:49  Barracks Tech Lab, Medivac  
  157  14:55  Supply Depot  
  157  14:57  Supply Depot  
  157  14:59  Supply Depot  
  157  15:02  Medivac  
  148  15:07  Command Center  
  148  15:08  Marine x3  
  119  15:27  Marine x7  
  114  15:28  Marauder  
  114  15:29  Marauder  
  114  15:35  SCV x2  
  118  15:36  Barracks Tech Lab  
  118  15:37  Refinery x2  
  118  15:39  Supply Depot, Barracks Tech Lab  
  118  15:40  Marine  
Show
View Real Time Build Order
Export as new Build Order

LigerMaNN Zerg 

Build Orders: Hatch First, Zergling Baneling 

Get SALT Encoding   

  12  0:00  Drone  
  13  0:12  Overlord  
  13  0:17  Drone  
  14  0:31  Drone x2  
  16  0:36  Drone  
  17  0:50  Hatchery  
  17  0:54  Drone  
  17  0:57  Drone  
  18  1:07  Drone  
  18  1:09  Extractor  
  18  1:17  Spawning Pool  
  17  1:20  Drone  
  18  1:28  Drone  
  19  1:39  Drone  
  20  1:49  Drone  
  21  2:00  Overlord  
  21  2:09  Zergling x2  
  21  2:10  Queen x2  
  21  2:13  Zergling x4  
  28  2:16  Metabolic Boost  
  28  2:33  Hatchery  
  27  2:38  Overlord  
  27  2:40  Drone  
  27  2:42  Drone  
  29  2:44  Drone  
  30  2:59  Drone  
  30  3:00  Drone x3  
  30  3:05  Drone  
  35  3:16  Overlord  
  35  3:17  Drone  
  35  3:19  Drone  
  37  3:21  Queen  
  39  3:27  Overlord  
  39  3:29  Drone  
  39  3:31  Drone x3  
  43  3:52  Extractor  
  43  3:53  Drone x5  
  47  3:59  Queen x2  
  47  4:02  Drone x5  
  56  4:07  Drone  
  56  4:08  Drone  
  57  4:12  Baneling Nest  
  56  4:19  Lair  
  56  4:24  Zergling x8  
  56  4:26  Zergling x2  
  56  4:28  Zergling x4  
  56  4:30  Zergling x4  
  65  4:47  Queen  
  65  4:56  Baneling  
  65  4:57  Baneling x6  
  65  4:58  Baneling  
  65  4:59  Zergling x2  
  66  5:01  Overlord  
  66  5:02  Overlord x5  
  66  5:19  Queen  
  68  5:22  Centrifugal Hooks  
  68  5:24  Zergling x28  
  82  5:31  Drone x2  
  84  5:38  Overseer  
  84  5:44  Drone x3  
  84  5:46  Drone x3  
  90  5:50  Overlord x3  
  90  5:51  Overlord x2  
  74  6:17  Drone x3  
  74  6:18  Drone x3, Extractor  
  79  6:19  Extractor  
  79  6:21  Evolution Chamber  
  79  6:22  Drone, Evolution Chamber, Hydralisk Den  
  79  6:23  Drone x7  
  83  6:26  Queen  
  83  6:27  Extractor x2  
  83  6:48  Hatchery  
  83  6:52  Zergling x16  
  83  6:53  Hatchery  
  89  6:55  Zerg Melee Weapons Level 1, Zerg Ground Armor Level 1  
  89  6:59  Drone x4  
  93  7:09  Drone  
  93  7:10  Drone x5  
  93  7:11  Drone x2  
  93  7:13  Drone  
  102  7:25  Zergling x6  
  105  7:35  Zergling x14  
  112  7:50  Baneling x6  
  112  7:58  Zergling x14  
  85  8:37  Zergling x28  
  95  8:45  Baneling x10  
  95  8:46  Baneling x3  
  95  8:47  Zergling x4  
  91  8:58  Zergling x12  
  89  9:05  Baneling x7  
  89  9:06  Baneling x15  
  89  9:07  Zergling x6  
  92  9:13  Muscular Augments  
  92  9:14  Zerg Melee Weapons Level 2, Zerg Ground Armor Level 2  
  95  9:17  Zergling x8  
  96  9:39  Zergling x26  
  96  9:40  Zergling x4  
  111  9:47  Overlord  
  111  9:48  Overlord  
  111  9:52  Hydralisk x8  
  111  9:53  Hydralisk  
  111  9:54  Hydralisk x3  
  135  10:05  Baneling x4  
  135  10:06  Baneling x15  
  135  10:08  Zergling x8  
  138  10:17  Grooved Spines  
  111  10:46  Zergling x30  
  123  11:03  Infestation Pit  
  123  11:04  Hatchery, Spire  
  121  11:05  Baneling x22  
  121  11:06  Baneling x20  
  121  11:07  Zergling x6  
  121  11:08  Zergling x2  
  124  11:18  Hatchery x2  
  122  11:22  Zergling x10  
  122  11:23  Zergling x12  
  133  11:30  Drone x5  
  133  11:31  Drone  
  133  11:32  Drone  
  115  12:08  Zergling x36  
  114  12:22  Spore Crawler x2  
  111  12:27  Drone x4  
  111  12:28  Drone x6  
  119  12:31  Drone x3  
  119  12:35  Queen x2  
  119  12:36  Extractor  
  79  13:19  Zergling x8  
  80  13:20  Zergling x32  
  90  13:33  Mutalisk  
  90  13:34  Mutalisk x5  
  102  13:44  Queen x3  
  108  13:51  Drone x5  
  108  13:53  Drone  
  108  13:54  Drone  
  115  13:56  Drone  
  100  14:22  Baneling  
  100  14:23  Baneling x24  
  85  14:24  Zergling x6  
  80  14:47  Zergling x20  
  86  14:52  Baneling  
  86  14:53  Baneling x4  
  86  14:55  Zergling x2  
  67  15:22  Overlord  
  67  15:25  Zergling x24  
  73  15:32  Drone x3  
  72  16:01  Hatchery  
Tags
 
Add a new tag
Caveats
  • Supply blocks, unpowered buildings, or Contaminate may cause inaccurate times.
  • Supply counts are checked every 10 seconds.